Silex, lawful female dwarven Archeologist --- ---- --- --.--- ---|..| ---.-- -- |....|--- --.--..| |....| ---- | .| --- --...--.-- |.....- --...-- |..| .....----- - --.----.......| --....-- --...-- |.f#----- ....*.........*.| ---............-- --....---....| ---..@e...........- |....--........-- --|...........-- ---..-------- ---.---|..........---.|............| |..G-- |...| --.|........|...............| ---.--- ---.--- ----....................---- |...| |...| --................--..| ---.--- ---.--- |..............------#------ ---|...--- |...| ----............-- #--.|.----..|.....| |.--- --.--..........--- ##.....--.........--- |.| |..............----------....^..............| |<| |...........................................--- |.| --.---.........-------------.------...........| --.| --- |.....--..| --- --....*.....| |..| --.|.------ ---...--.--- |..| ----- --.-- -- ---- --- Silex the Field Worker Experience level: 5 Strength: 13 Dexterity: 10 Constitution: 16 Intelligence: 14 Wisdom: 16 Charisma: 8 Health: 0(45) Energy: 14(14) Def: 5 Gold: 122 Moves: 1398 Dungeon seed: iV2yVh3yFOhN0FhM Game ID: Silex_1525193357 Your Inventory: Coins $ - 122 gold pieces Weapons a - a +2 bullwhip (weapon in hand) h - a +0 boomerang (in quiver) Armor e - an uncursed +0 leather jacket n - a blessed +0 fedora r - an uncursed corroded +0 chain mail (being worn) y - an uncursed +0 orcish helm (being worn) Comestibles b - 4 uncursed food rations j - 2 uncursed lichen corpses l - an uncursed sprig of wolfsbane v - 2 uncursed tins of jackal meat x - 2 uncursed cram rations Scrolls t - an uncursed scroll of scare monster u - a cursed scroll of light E - 3 uncursed scrolls of blank paper Spellbooks p - an uncursed spellbook of haste self w - an uncursed spellbook of magic missile Potions m - an uncursed potion of healing o - a cursed potion of levitation B - a cursed potion of sleeping Rings k - a cursed ring of slow digestion D - an uncursed ring of invisibility Wands d - a wand of light (0:11) s - a wand of digging (0:7) Tools c - a +0 pick-axe (alternate weapon; not wielded) f - an uncursed sack g - an uncursed tin opener A - an uncursed tin whistle C - an uncursed magic whistle Gems q - an uncursed touchstone Y - an uncursed agate Spells and supernatural/magical abilities: Name Level Category Fail Memory W - pray for help -- divine ? -- Your skills at the end: Miscellaneous Skills wands [Basic] Weapon Skills pick-axe [Basic] boomerang [Basic] whip [Basic] Spellcasting Skills Final Attributes: You were fervently aligned. You were poison resistant. You had infravision. You were fast. You were lucky. You are dead. Vanquished creatures: 2 black puddings a fog cloud a black naga hatchling a paper golem an iguana an acid blob 2 geckos 2 brown molds 3 jackals 2 kobolds 7 newts 2 goblins 7 grid bugs a bat 3 lichens 36 creatures vanquished. Voluntary challenges: You did not cause conflict. You were not invisible. You did not have reflection. You were not displaced. You were an atheist. You used a wielded weapon 96 times, starting on turn 18. You did not apply a unicorn horn. You did not use plumbed fixtures. You did not drink any magical draughts. You were illiterate. You never genocided any monsters. You never polymorphed an object. You never changed form. You used no wishes. You never split a pudding. You never wrote Elbereth's name. You never violated your personal moral code. Dungeon overview: The Dungeons of Doom: levels 1 to 4 Level 1 some fountains, a sink a long staircase Level 2 Level 3 a fountain, a sink stairs to The Gnomish Mines Level 4 The Gnomish Mines: levels 4 to 5 Level 4 stairs to The Dungeons of Doom Level 5 <- You were here History has recorded: On T:1 you entered the Dungeons of Doom to retrieve the Amulet of Yendor! On T:17 you reached level 2 of The Dungeons of Doom. On T:149 you advanced to experience level 2. On T:419 you advanced to experience level 3. On T:482 you reached level 3 of The Dungeons of Doom. On T:751 you reached level 4 of The Dungeons of Doom. On T:922 you advanced to experience level 4. On T:959 you advanced to experience level 5. On T:999 you reached level 1 of The Gnomish Mines. On T:1199 you reached level 2 of The Gnomish Mines. Score breakdown: Gold: 122 ( 12 points) Experience: 5 levels ( 400 points) Exploration: 5 levels ( 120 points) Discoveries: 10 items ( 500 points) Variety of kills: 15 monsters ( 750 points) Major goal: (nothing yet) ( 0 points) Survival: died (score multiplied by 3) Total score: 5346 Latest messages: Snap! The paper golem claws you! The paper golem claws you! (2x) You produce a strange whistling sound. The paper golem claws Tigger. You whip the paper golem. The paper golem claws you! You whip the paper golem. (2x) The paper golem misses. You whip the paper golem. The paper golem just misses! You whip the paper golem. The paper golem misses. You whip the paper golem. You destroy the paper golem! You have a little trouble lifting E - 2 unlabeled scrolls. You have a little trouble lifting E - an unlabeled scroll. You displace Tigger. You flick your bullwhip towards the floating eye. You whip the floating eye. As you meet its deep, meaningful gaze, you feel its suffering as though it were your own. You die... Final status: Goodbye Silex the Archeologist, killed by vicarious suffering... You died in The Gnomish Mines on dungeon level 5 with 5346 points, and 122 pieces of gold, after 1398 moves. You were level 5 with a maximum of 45 hit points when you died.